 Dungeon Crawl Stone Soup version 0.28-a0-1594-ga885d4b3d6 (webtiles) character file.

Game seed: 9681655519471520078

12 lonewolfV2 the Gusty (level 2, -1/10 (11) HPs)
             Began as a Felid Air Elementalist on Jan 20, 2022.
             Slain by a giant cockroach (2 damage)
             ... on level 1 of the Dungeon.
             The game lasted 00:01:07 (898 turns).

lonewolfV2 the Gusty (Felid Air Elementalist)        Turns: 898, Time: 00:01:08

HP:   -1/10 (11)    AC:  1    Str:  4    XL:     2   Next: 20%
MP:   2/6           EV: 17    Int: 16    God:
Gold: 13            SH:  0    Dex: 16    Spells: 4/5 levels left
                                        Lives: 0   Deaths: 0

rFire   . . .      SeeInvis +   (weapon unavailable)
rCold   . . .      Faith    .   (shield unavailable)
rNeg    . . .      Spirit   .   (armour unavailable)
rPois   .          Reflect  .   (helmet unavailable)
rElec   .          Harm     .   (cloak unavailable)
rCorr   .          Rampage  .   (gloves unavailable)
Will    .....                   (boots unavailable)
Stlth   ++........              (no amulet)
HPRegen 0.03/turn               (no ring)
MPRegen 0.10/turn               (no ring)

@: drained, quick
A: very small, claws 1, fangs 3, see invisible, speed 1, shaggy fur 1, stealthy
paws, no weapons or thrown items, no armour, multi-lived
a: no special abilities


You were on level 1 of the Dungeon.
You visited 1 branch of the dungeon, and saw 1 of its levels.

You collected 13 gold pieces.

Inventory:

Potions
 a - a potion of degeneration {unknown}


   Skills:
 + Level 2.7 Dodging
 + Level 2.6 Stealth
 + Level 2.3 Spellcasting
 + Level 0.9 Conjurations
 + Level 3.0 Air Magic


You had 4 spell levels left.
You knew the following spells:

 Your Spells              Type           Power      Damage    Failure   Level
a - Shock                 Conj/Air       32%        1d5       9%          1

Your spell library contained the following spells:

 Spells                   Type           Power      Damage    Failure   Level
 Static Discharge         Conj/Air       8%         N/A       13%         2
 Swiftness                Air            11%        N/A       17%         3
 Airstrike                Air            5%         N/A       50%         4


Dungeon Overview and Level Annotations

Branches:
Dungeon (1/15)

Altars:


Innate Abilities, Weirdness & Mutations

You have sharp claws.
You have razor-sharp teeth.
You have supernaturally acute eyesight. (SInv)
You cover ground quickly. (Speed+)
You are covered in fur. (AC +1)
Your paws help you pounce on unaware monsters.
You are incapable of wielding weapons or throwing items.
You cannot wear armour.
You gain extra lives every three experience levels.


Message History

The jackal moves out of view.
The giant cockroach misses you. The hobgoblin closely misses you.
The frilled lizard hisses angrily.
The hobgoblin closely misses you.
Casting: Shock (safe; 9% risk of failure)
Confirm with . or Enter, or press ? or * to list all spells.
Aiming: Shock (safe; 9% risk of failure)
Press: ? - help, Shift-Dir - straight line The zap misses the kobold. x2
The giant cockroach completely misses you.
The kobold misses you. The hobgoblin barely misses you.
The giant cockroach misses you.
You scratch the kobold. You bite the kobold, but do no damage.
The kobold is moderately wounded.
The giant cockroach completely misses you.
You miss the kobold.
The kobold is moderately wounded.
The kobold hits you with a +1 dagger of draining.
You feel drained. The giant cockroach bites you.
* * * LOW HITPOINT WARNING * * *
You barely miss the kobold. You bite the kobold, but do no damage.
The kobold is moderately wounded.
The giant cockroach barely misses you. The kobold completely misses you.
The giant cockroach misses you.
You miss the kobold.
The kobold is moderately wounded.
The kobold completely misses you. The giant cockroach misses you.
Your magical contamination has completely faded away.
You miss the kobold.
The kobold is moderately wounded.
The kobold hits you with a +1 dagger of draining.
* * * LOW HITPOINT WARNING * * *
You feel drained. The giant cockroach misses you.
You scratch the kobold.
You kill the kobold!
The giant cockroach misses you.
You closely miss the frilled lizard.
The jackal barks!
The giant cockroach bites you.
You die...

.♣..8..8..8.. ...
............ ....
..h........ ..(..
.∩....)8..♣#.....
..l.............#
...........).#
♣..∩..g..♣..#
#####lB..###
###@.†##
...##....##
........## ...#
...##.#.# #..#
...##.#.#### #..#
...........# #..#
...........# #..#
...........# #..#
###........##
#..#


You could see a jackal, a giant cockroach, a hobgoblin and a frilled lizard.

Vanquished Creatures
  A bat (D:1)
  An endoplasm (D:1)
  2 goblins (D:1)
  2 hobgoblins (D:1)
  A frilled lizard (D:1)
  2 kobolds (D:1)
  2 rats (D:1)
11 creatures vanquished.

Notes
Turn   | Place    | Note
-------+----------+-------------------------------------------
     0 | D:1      | lonewolfV2 the Felid Air Elementalist began the quest for
                  | the Orb.
     0 | D:1      | Reached XP level 1. HP: 7/7 MP: 4/4
   685 | D:1      | Reached skill level 3 in Air Magic
   685 | D:1      | Reached XP level 2. HP: 11/11 MP: 4/6
   898 | D:1      | Slain by a giant cockroach

Illustrated notes

Levels and vault maps discovered:
D:1:      ncdulo_wetmaze, layout_rooms, hellmonk_ecumenical_altar_arch_garden

Skill      XL: |  1 |
---------------+----+-----
Air Magic      | 3 |  3.0
Dodging        | |  2.7
Stealth        | |  2.6
Spellcasting   | |  2.3
Conjurations   | |  0.9

Action                   || total
-------------------------++-------
Melee: Unarmed           ||    20
       Punch             ||     2
       Bite              ||     2
 Cast: Shock             ||    16
Armor: Skin              ||     2
Dodge: Dodged            ||    26

Table legend: (Time is in decaauts)
 A = Elapsed time spent in this place.
 B = Non-inter-level travel time spent in this place.
 C = Inter-level travel time spent in this place.
 D = Time resting spent in this place.
 E = Time spent auto-exploring this place.
 F = Levels seen in this place.
 G = Mean time per level.
                   A        B        C        D        E       F      G
               +--------+--------+--------+--------+--------+-----+--------+
         Total |    881 |    881 |      0 |    700 |    115 |   1 |  881.0 |
       Dungeon |    881 |    881 |      0 |    700 |    115 |   1 |  881.0 |
               +--------+--------+--------+--------+--------+-----+--------+

Top non-repeatable levels by time:
     D:1: 881 daAuts
